AoeStats
← kiss

Arena

510322286Analyzed
1v1 RM · 3d ago on Sep 30, 2026· 61m 53s· 2 players
Game mode
Random Map
Map size
Tiny (2 player)
Population
200
Speed
Normal
Resources
Standard
Victory
Conquest
Starting age
Dark Age
Ending age
Imperial Age
RankedLock teamsTeams togetherTeam positionsShared explorationLock speedFull tech treeHidden civsTurbo modeCheats
Victory
Defeat
🇨🇳 Italians · China
614
+18
🇹🇼 Mongols · Taiwan
652
-18
kiss
10:52 Feudal Age
11:50 Double-Bit Axe
14:22 Castle Age
14:52 Horse Collar
18:52 Loom
22:35 Bow Saw
25:53 Wheelbarrow
25:26 Stone Mining
25:26 Gold Mining
26:25 Heavy Plow
26:14 Town Watch
26:22 Treadmill Crane
28:02 Stone Shaft Mining
30:13 Imperial Age
28:49 Hand Cart
28:54 Fletching
29:52 Bodkin Arrow
30:00 Padded Archer Armor
30:31 Sanctity
30:35 Ballistics
31:13 Thumb Ring
30:33 Elite Skirmisher
31:43 Conscription
32:32 Chemistry
31:43 Masonry
32:44 Two-Man Saw
33:07 Leather Archer Armor
32:54 Bracer
32:31 Pikeman
33:12 Squires
33:09 Elite Genoese Crossbowman
35:02 Scale Mail Armor
35:22 Arson
36:40 Ring Archer Armor
37:07 Chain Mail Armor
37:02 Forging
36:58 Scale Barding Armor
37:35 Architecture
37:03 Murder Holes
37:17 Town Patrol
40:10 Hoardings
42:03 Plate Mail Armor
42:08 Iron Casting
41:37 Caravan
42:03 Chain Barding Armor
43:28 Bombard Tower
42:54 Arrowslits
43:05 Guard Tower
43:27 Fortified Wall
42:41 Man-at-Arms
43:33 Bloodlines
43:23 Husbandry
42:44 Light Cavalry
44:20 Crop Rotation
44:25 Pirotechnia
45:07 Devotion
45:19 Fervor
45:06 Herbal Medicine
45:28 Block Printing
45:24 Redemption
45:15 Atonement
47:59 Blast Furnace
47:36 Plate Barding Armor
49:34 Capped Ram
51:38 Keep
50:26 Long Swordsman
50:29 Hussar
50:32 Cavalier
51:00 Crossbowman
52:21 Two-Handed Swordsman
55:02 Clinker Construction
55:02 Siphons
54:20 Champion
54:50 Arbalester
56:42 Onager
遇見佩特
1:14 Loom
9:36 Feudal Age
12:51 Double-Bit Axe
19:13 Castle Age
19:05 Horse Collar
29:30 Heavy Plow
30:13 Wheelbarrow
30:41 Fletching
33:30 Arson
40:04 Imperial Age
37:51 Hand Cart
38:43 Bodkin Arrow
40:13 Pikeman
42:40 Bow Saw
45:12 Nomads
46:00 Bracer
46:30 Conscription
45:47 Light Cavalry
46:39 Bloodlines
46:45 Husbandry
50:14 Onager
53:45 Squires
55:53 Hussar
Connection lost

Rejoining the realm…

Still unreachable

The connection could not be restored.

Session expired

The server has moved on; the page needs a fresh start.